 Dungeon Crawl Stone Soup version 0.30-a0-134-gb40fab5c76 (webtiles) character file.

Game seed: 11295572169451052572

201 Flugkiller the Chiller (level 6, -2/48 HPs)
             Began as a Meteoran Ice Elementalist on Sept 19, 2022.
             Slain by a gnoll
             ... wielding a +0 spear
              (6 damage)
             ... on level 4 of the Dungeon.
             The game lasted 00:02:52 (676 turns).

Flugkiller the Chiller (Meteoran Ice Elementalist)   Turns: 676, Time: 00:02:53

Health: -2/48      AC:  3    Str:  9    XL:     6   Next: 29%
Magic:  6/14       EV:  6    Int: 19    God:
Gold:   105        SH:  0    Dex: 15    Spells: 11/15 levels left

rFire   . . .      SeeInvis .    g - staff of earth
rCold   . . .      Faith    .    (no shield)
rNeg    . . .      Spirit   .    a - +0 robe
rPois   .          Reflect  .    (no helmet)
rElec   .          Harm     .    (no cloak)
rCorr   .          Rampage  .    (no gloves)
Will    .....                    c - +0 pair of boots
Stlth   +.........               (no amulet)
HPRegen 0.16/turn                (no ring)
MPRegen 0.14/turn                (no ring)

@: held, glowing
A: sense surroundings 1, otherworldly, glowing, explore regen
a: no special abilities


You were on level 4 of the Dungeon.
You visited 1 branch of the dungeon, and saw 4 of its levels.

You collected 105 gold pieces.

Inventory:

Armour
 a - a +0 robe (worn)
 c - a +0 pair of boots (worn)
   (You found it on level 1 of the Dungeon)
Magical Staves
 g - a staff of earth (weapon)
   (You found it on level 2 of the Dungeon)
Scrolls
 d - a scroll of amnesia {unknown}
 e - a scroll of enchant armour {unknown}
 f - a scroll of fear {unknown}
 h - a scroll of immolation {unknown}
 i - a scroll of identify {unknown}
 j - a scroll of magic mapping {unknown}
 k - a scroll of fog {unknown}
Potions
 b - a potion of magic
 l - a potion of degeneration {unknown}
 m - a potion of attraction {unknown}
 n - a potion of might {unknown}


   Skills:
 + Level 2.1 Fighting
 - Level 2.4 Dodging
 - Level 1.4 Stealth
 - Level 5.0 Spellcasting
 + Level 5.9 Ice Magic


You had 11 spell levels left.
You knew the following spells:

 Your Spells              Type           Power      Damage    Failure   Level
a - Freeze                Ice            100%       1d11      1%          1
b - Frozen Ramparts       Ice            54%        1d9       3%          3

Your spell library contained the following spells:

 Spells                   Type           Power      Damage    Failure   Level
 Ozocubu's Armour         Ice            27%        N/A       3%          3
 Hailstorm                Conj/Ice       16%        3d6       36%         4


Dungeon Overview and Level Annotations

Branches:
Dungeon (4/15) Zot: 1724
 Temple: D:4-7

Altars:

Annotations:
D:4 Edmund


Innate Abilities, Weirdness & Mutations

You passively map a small area around you.
You are easily found by Zot.
You glow in the dark.
You regain HP and MP as you explore.


Message History

The black bear growls angrily.
Casting: Freeze (safe; 1% risk of failure)
Confirm with . or Enter, or press ? or * to list all spells.
The walls around you are covered in ice.
The wall freezes the black bear.
The wall freezes the black bear!
Casting: Frozen Ramparts (dangerous; 4% risk of failure)
Confirm with . or Enter, or press ? or * to list all spells.
Aiming: Freeze (safe; 1% risk of failure)
Press: ? - help, Shift-Dir - straight line, f - black bear
Aim: a black bear (heavily wounded)
You freeze the black bear.
The black bear is severely wounded.
The wall freezes the black bear.
The black bear closely misses you. The black bear misses you.
The black bear claws you.
Casting: Freeze (safe; 1% risk of failure)
Confirm with . or Enter, or press ? or * to list all spells.
Aiming: Freeze (safe; 1% risk of failure)
Press: ? - help, Shift-Dir - straight line, f/p - black bear
Aim: a black bear (severely wounded)
You freeze the black bear!
You kill the black bear!
Your Fighting skill increases to level 1!
You have reached level 5!
You have reached level 6!
You feel clever.
The frozen ramparts melt away as you move.
You open the door.
There is an open door here.
Magic restored.
A gnoll comes into view. It is wielding a +0 halberd.
The gnoll shouts!
You hear a shout! x3
Casting: Freeze (safe; 1% risk of failure)
Confirm with . or Enter, or press ? or * to list all spells.
The walls around you are covered in ice.
The wall freezes the gnoll but does no damage.
The gnoll closely misses you.
The wall freezes the gnoll.
The gnoll hits you from afar with a +0 halberd!
The wall freezes the gnoll.
The gnoll hits you from afar with a +0 halberd.
The wall freezes the gnoll!
The gnoll hits you from afar with a +0 halberd.
A gnoll comes into view. It is wielding a +0 whip.
The wall freezes the gnoll.
You kill the gnoll!
A gnoll comes into view. It is wielding a +0 spear.
The wall freezes the gnoll.
The wall freezes the gnoll. x2
The frozen ramparts melt away.
The gnoll hits you with a +0 whip.
The gnoll hits you from afar with a +0 spear!
Casting: Frozen Ramparts (dangerous; 3% risk of failure)
Confirm with . or Enter, or press ? or * to list all spells.
Aiming: Freeze (safe; 1% risk of failure)
Press: ? - help, Shift-Dir - straight line, f - gnoll
Aim: a gnoll, wielding a +0 whip (heavily wounded)
You freeze the gnoll.
The gnoll is severely wounded.
A gnoll comes into view. It is wielding a +0 spear.
The gnoll completely misses you.
The gnoll hits you from afar with a +0 spear.
* * * LOW HITPOINT WARNING * * *
Casting: Freeze (safe; 1% risk of failure)
Confirm with . or Enter, or press ? or * to list all spells.
You miscast Frozen Ramparts.
You are very lightly contaminated with residual magic.
Nothing appears to happen.
The gnoll closely misses you. The gnoll barely misses you.
Unknown command.
Unknown command.
Casting: Frozen Ramparts (dangerous; 3% risk of failure)
Confirm with . or Enter, or press ? or * to list all spells.
The walls around you are covered in ice.
The wall freezes the gnoll!
You kill the gnoll!
The wall freezes the gnoll.
The gnoll hits you from afar with a +0 spear!
* * * LOW HITPOINT WARNING * * *
Training target 5.0 for Spellcasting reached!
Your Spellcasting skill increases to level 5!
Unknown command.
The wall freezes the gnoll. x2; The gnoll barely misses you.
The wall freezes the gnoll.
The wall freezes the gnoll!
You kill the gnoll!
Your Fighting skill increases to level 2!
Unknown command.
Your frozen ramparts will break if you move.
Continue?
The frozen ramparts melt away as you move.
There is an open door here.
The gnoll throws a throwing net.
The throwing net hits you.
You become entangled in the net!
You see here a throwing net.
You struggle against the net.
Your magical contamination has completely faded away.
You struggle against the net.
The gnoll hits you from afar with a +0 spear.
* * * LOW HITPOINT WARNING * * *
You struggle against the net.
The gnoll hits you from afar with a +0 spear.
You die...

#......###.## #......# #<#
#......# #.# ###.########+## *
........###...## #
.##.###.##.....## .# .#..#
#.#.......## ..#
....###>.........####...#########
................@'g))............
.................##.....#########
......###.......###.....# .##.#.#
##.....## #.....# . #.#.# ##...##
#.....# . ..#.# ##+## ###.### #
.###.# ,* *.# # .. #.# * .# * *#
., ..# , * ,.


You could see a gnoll.

Vanquished Creatures
  A black bear (D:4)
  4 gnolls
  2 adders
  2 dart slugs
  2 worms (D:3)
  5 ball pythons
  6 endoplasms
  2 giant cockroaches
  3 hobgoblins (D:2)
  2 jackals (D:2)
  2 kobolds (D:1)
  2 quokkas (D:1)
  3 bats
  2 frilled lizards (D:1)
  2 goblins (D:1)
  6 rats
46 creatures vanquished.

Notes
Turn   | Place    | Note
-------+----------+-------------------------------------------
     0 | D:1      | Flugkiller the Meteoran Ice Elementalist began the quest
                  | for the Orb.
     0 | D:1      | Reached XP level 1. HP: 14/14 MP: 5/5
    19 | D:1      | Reached XP level 2. HP: 11/20 MP: 1/7
   104 | D:2      | Reached XP level 3. HP: 26/26 MP: 6/8
   144 | D:2      | Reached skill level 5 in Ice Magic
   224 | D:1      | Reached XP level 4. HP: 30/33 MP: 7/10
   230 | D:1      | Learned a level 3 spell: Frozen Ramparts
   496 | D:4      | Noticed Edmund
   574 | D:3      | Found a faded altar of an unknown god.
   636 | D:4      | Noticed a black bear
   643 | D:4      | Killed a black bear
   644 | D:4      | Reached skill level 1 in Fighting
   644 | D:4      | Reached XP level 5. HP: 40/41 MP: 7/13
   644 | D:4      | Reached XP level 6. HP: 46/48 MP: 7/14
   670 | D:4      | Reached skill level 5 in Spellcasting
   676 | D:4      | Slain by a gnoll

Illustrated notes

Levels and vault maps discovered:
D:1:      roderic_octagonal_star, layout_rooms
D:2:      layout_rooms
D:3:      layout_rooms, ebering_ecumenical_altar_box
D:4:      layout_loops_corners, minmay_temple_entry_sparse_star,
          corexii_hall_statues_t, corexii_shack, uniq_edmund, uniq_blork_the_orc

Skill      XL: |  1  2  3  4  5  6 |
---------------+-------------------+-----
Spellcasting   | 3 4 5 |  5.0
Ice Magic      | 5 |  5.9
Fighting       | 1 2 |  2.1
Dodging        | |  2.4
Stealth        | |  1.4

Action                   |  1- 3 |  4- 6 || total
-------------------------+-------+-------++-------
Melee: Staff             |       |     2 ||     2
 Cast: Freeze            |    28 |    42 ||    70
       Frozen Ramparts   |       |     3 ||     3
Armor: Robe              |     4 |    10 ||    14
Dodge: Dodged            |    11 |    19 ||    30

Table legend: (Time is in decaauts)
 A = Elapsed time spent in this place.
 B = Non-inter-level travel time spent in this place.
 C = Inter-level travel time spent in this place.
 D = Time resting spent in this place.
 E = Time spent auto-exploring this place.
 F = Levels seen in this place.
 G = Mean time per level.
                   A        B        C        D        E       F      G
               +--------+--------+--------+--------+--------+-----+--------+
         Total |    674 |    628 |     46 |      0 |      0 |   4 |  168.5 |
       Dungeon |    674 |    628 |     46 |      0 |      0 |   4 |  168.5 |
               +--------+--------+--------+--------+--------+-----+--------+

Top non-repeatable levels by time:
     D:1: 219 daAuts
     D:3: 207 daAuts
     D:2: 183 daAuts
     D:4: 63 daAuts
